 Dungeon Crawl Stone Soup version 0.29-a0-322-g68df515428 (webtiles) character file.

Game seed: 18224198381837590131

41 Ijustatesigmund the Firebug (level 3, -1/19 HPs)
             Began as a Deep Elf Fire Elementalist on Apr 8, 2022.
             Slain by a hobgoblin (6 damage)
             ... led by Robin
             ... on level 1 of the Dungeon.
             The game lasted 00:03:03 (1294 turns).

Ijustatesigmund the Firebug (DEFE)                  Turns: 1294, Time: 00:03:03

Health: -1/19      AC:  5    Str:  4 (5)  XL:     3   Next: 32%
Magic:  8/10       EV: 12    Int: 20 (21) God:
Gold:   69         SH:  0    Dex: 12 (15) Spells: 6/9 levels left

rFire   . . .      SeeInvis .   c - +0 short sword
rCold   . . .      Faith    .   (no shield)
rNeg    . . .      Spirit   .   a - +0 robe
rPois   .          Reflect  .   (no helmet)
rElec   .          Harm     .   h - +2 cloak
rCorr   .          Rampage  .   (no gloves)
Will    .....                   (no boots)
Stlth   ++........              (no amulet)
HPRegen 0.06/turn               (no ring)
MPRegen 0.12/turn               (no ring)

@: no status effects
A: no striking features
a: no special abilities


You were on level 1 of the Dungeon.
You visited 1 branch of the dungeon, and saw 2 of its levels.

You collected 69 gold pieces.

Inventory:

Hand Weapons
 c - a +0 short sword (weapon)
Armour
 a - a +0 robe (worn)
 h - a +2 cloak (worn)
Jewellery
 d - a ring of resist corrosion
Potions
 b - a potion of magic
 e - a potion of curing {unknown}


   Skills:
 - Level 2.4 Dodging
 - Level 2.4 Stealth
 + Level 3.5 Spellcasting
 * Level 2.4 Conjurations
 * Level 4.0 Fire Magic


You had 6 spell levels left.
You knew the following spells:

 Your Spells              Type           Power      Damage    Failure   Level
a - Foxfire               Conj/Fire      64%        2x1d7     3%          1
b - Scorch                Fire           38%        2d6       4%          2

Your spell library contained the following spells:

 Spells                   Type           Power      Damage    Failure   Level
 Conjure Flame            Conj/Fire      16%        6-21      11%         3
 Animate Skeleton         Necr           6%         N/A       14%         1
 Apportation              Tloc           6%         N/A       14%         1
 Summon Small Mammal      Summ           12%        N/A       14%         1
 Inner Flame              Hex/Fire       11%        N/A       19%         3
 Flame Wave               Conj/Fire      16%        2d6       34%         4


Dungeon Overview and Level Annotations

Branches:
Dungeon (2/15)

Altars:

Annotations:
D:2 Robin


Message History

You conjure some foxfire!
The goblin hits you but does no damage.
The foxfire hits the goblin.
You kill the goblin!
Your Fire Magic skill increases to level 4!
Casting: Foxfire (safe; 3% risk of failure)
Confirm with . or Enter, or press ? or * to list all spells.
Flames lash the goblin.
You kill the goblin!
You hear a shout!
A hobgoblin comes into view.
Your foxfire dissipates!
There is a stone staircase leading down here.
There is a stone staircase leading up here.
You climb upwards.
There is a stone staircase leading down here.
You start resting.
Magic restored.
You climb downwards.
Level annotation: Robin The hobgoblin hits you. x2
There is a stone staircase leading up here.
Robin roars a battlecry!
The hobgoblins go into a battle-frenzy!
The hobgoblin hits you. The hobgoblin barely misses you.
The hobgoblin shouts!
You climb upwards.
There is a stone staircase leading down here.
Casting: Scorch (safe; 3% risk of failure)
Confirm with . or Enter, or press ? or * to list all spells.
Flames lash the hobgoblin.
The hobgoblin is severely wounded.
The hobgoblin's fire resistance burns away.
The hobgoblin closely misses you. The hobgoblin hits you.
* * * LOW HITPOINT WARNING * * *
It was a potion of degeneration.
There was something very wrong with that liquid.
You feel weakened.
You feel dopey.
You feel clumsy.
The hobgoblin hits you but does no damage.
The hobgoblin hits you.
You die...

##### #.#.#..##.# #.###.##
##...## #.#.#..##.# #.......
##.....## #.#.#..##.# #####.#.
##.......###)#.##.##.# #.#.
.†................##.# #.#.
##.......##....#####.# #.#.
..............## #.#########.#.
####...##.###.######...........##
#####..# #...@g##############
#..###.###g# #.#....# #.#
#.##.#.# #.# #÷.....# #.#
########......###.###########
............................#
########......#.#..###.####.### #
#.......###............#


You could see 2 hobgoblins.

Vanquished Creatures
  A dart slug (D:1)
  4 bats (D:1)
  3 endoplasms (D:1)
  A giant cockroach (D:1)
  2 hobgoblins (D:1)
  3 jackals (D:2)
  6 ball pythons (D:1)
  8 goblins
  4 kobolds (D:1)
  4 rats (D:1)
36 creatures vanquished.

Vanquished Creatures (collateral kills)
  2 foxfires (D:1)
2 creatures vanquished.

Vanquished Creatures (others)
  82 foxfires
82 creatures vanquished.

Grand Total: 120 creatures vanquished

Notes
Turn   | Place    | Note
-------+----------+-------------------------------------------
     0 | D:1      | Ijustatesigmund the Deep Elf Fire Elementalist began the
                  | quest for the Orb.
     0 | D:1      | Reached XP level 1. HP: 10/10 MP: 6/6
    28 | D:1      | Found a faded altar of an unknown god.
   184 | D:1      | Reached XP level 2. HP: 15/15 MP: 6/8
   335 | D:1      | Learned a level 2 spell: Scorch
  1161 | D:2      | Reached XP level 3. HP: 19/19 MP: 7/9
  1220 | D:2      | Noticed Robin
  1227 | D:2      | Reached skill level 4 in Fire Magic
  1294 | D:1      | Slain by a hobgoblin

Illustrated notes

Levels and vault maps discovered:
D:1:      onia_arrival_mini_spirals, layout_loops_ring,
          dreamdust_ecumenical_altar_grove
D:2:      layout_loops_ring, uniq_robin

Skill      XL: |  1  2  3 |
---------------+----------+-----
Conjurations   | 2 |  2.4
Fire Magic     | 4 |  4.0
Dodging        | |  2.4
Stealth        | |  2.4
Spellcasting   | |  3.5

Action                   || total
-------------------------++-------
 Cast: Foxfire           ||    50
       Scorch            ||     2
  Use: Scroll            ||     2
       Potion            ||     1
Armor: Robe              ||     3
Dodge: Dodged            ||     7

Table legend: (Time is in decaauts)
 A = Elapsed time spent in this place.
 B = Non-inter-level travel time spent in this place.
 C = Inter-level travel time spent in this place.
 D = Time resting spent in this place.
 E = Time spent auto-exploring this place.
 F = Levels seen in this place.
 G = Mean time per level.
                   A        B        C        D        E       F      G
               +--------+--------+--------+--------+--------+-----+--------+
         Total |   1294 |   1252 |     42 |    254 |    756 |   2 |  647.0 |
       Dungeon |   1294 |   1252 |     42 |    254 |    756 |   2 |  647.0 |
               +--------+--------+--------+--------+--------+-----+--------+

Top non-repeatable levels by time:
     D:1: 1205 daAuts
     D:2: 89 daAuts
